Map: Dusk Towers

Players

LilDicky

  • Race: Terran Terran
  • League: Diamond

zeakybeaver - Winner!

  • Race: Zerg Zerg
  • League: Diamond

VOD

http://www.twitch.tv/tumescentpie

Description

Time

  • Played on: Dec. 31, 2015, 7:14 p.m.
  • Length: 15:16
Show
View Real Time Build Order
Export as new Build Order

LilDicky Terran 

Build Orders: Command Center First (CC), Hellion Banshee, Mech 

Get SALT Encoding   

  12  0:03  SCV  
  13  0:17  SCV  
  14  0:27  Supply Depot  
  14  0:29  SCV  
  15  0:49  SCV  
  16  0:58  Command Center  
  16  1:09  Barracks  
  16  1:12  SCV  
  17  1:24  SCV  
  18  1:31  Refinery  
  18  1:33  Refinery  
  18  1:36  SCV  
  19  1:48  SCV  
  20  1:57  Marine  
  20  1:58  Supply Depot  
  20  2:00  SCV  
  22  2:10  Orbital Command  
  22  2:15  Orbital Command  
  22  2:24  Barracks Reactor  
  22  2:30  Factory  
  22  2:36  SCV  
  23  2:41  SCV  
  24  2:48  SCV  
  25  2:53  SCV  
  26  3:00  SCV  
  26  3:05  SCV  
  30  3:12  SCV  
  31  3:15  Starport  
  29  3:22  SCV  
  29  3:24  Barracks Tech Lab  
  29  3:26  Hellion  
  34  3:27  Hellion  
  34  3:29  SCV, Supply Depot  
  35  3:41  Armory  
  35  3:47  Hellion  
  40  3:48  Hellion  
  40  4:09  Hellion x2  
  43  4:12  Supply Depot  
  43  4:13  Banshee  
  43  4:14  Command Center  
  43  4:16  Cloaking Field  
  46  4:19  Barracks Reactor  
  46  4:22  SCV  
  47  4:24  SCV  
  48  4:32  Supply Depot  
  48  4:35  Hellion, Refinery  
  50  4:40  Hellion  
  50  4:45  Supply Depot  
  52  4:46  SCV  
  53  4:53  SCV  
  53  4:58  Banshee  
  57  5:14  SCV  
  57  5:17  Barracks Reactor, Factory  
  57  5:19  Factory  
  57  5:20  Supply Depot  
  58  5:22  Refinery  
  58  5:32  SCV x2  
  60  5:43  Command Center  
  60  5:49  Orbital Command  
  60  5:52  Hellion x2  
  60  5:53  Liberator  
  60  5:54  Liberator  
  59  6:15  SCV x2  
  59  6:16  SCV  
  56  6:32  Factory Tech Lab  
  56  6:33  Factory Tech Lab  
  56  6:38  Liberator, Widow Mine x2  
  56  6:39  Refinery  
  57  6:42  Refinery  
  57  6:46  Supply Depot  
  57  6:47  SCV  
  57  6:48  SCV x2  
  57  6:54  Siege Tank x2  
  66  7:00  SCV x3  
  72  7:07  Factory  
  72  7:08  Hellion x2  
  76  7:19  SCV  
  76  7:20  SCV x2  
  79  7:26  Hellion x2  
  79  7:28  Marine  
  79  7:29  Hellion x2  
  88  7:31  SCV, Marine  
  88  7:32  SCV x2  
  92  7:38  Liberator x2  
  92  7:43  SCV  
  94  7:44  SCV x2  
  94  7:46  Marine  
  94  7:47  Hellion  
  94  7:49  Marine  
  94  7:51  Siege Tank x2  
  102  7:55  SCV  
  102  7:56  SCV x2  
  112  8:20  Liberator  
  103  8:29  Siege Tank x3, Widow Mine x2  
  116  8:39  Orbital Command  
  119  8:42  Liberator  
  119  8:44  SCV  
  119  8:45  Command Center, SCV x2  
  119  8:46  Command Center  
  123  9:02  SCV  
  123  9:03  SCV  
  123  9:05  Supply Depot, Liberator  
  123  9:33  Liberator  
  123  9:44  SCV x2  
  123  9:45  SCV, Orbital Command  
  129  9:54  Starport  
  129  9:56  Supply Depot  
  129  10:00  Orbital Command  
  129  10:01  Armory x2, Orbital Command  
  129  10:02  Engineering Bay  
  129  10:06  Hellion  
  129  10:07  Hellion x3, Siege Tank  
  140  10:08  SCV  
  140  10:13  Terran Vehicle Weapons Level 1  
  141  10:14  Factory  
  141  10:16  SCV x2  
  140  10:28  Siege Tank x2, Liberator  
  141  10:29  Liberator x2  
  121  10:39  Siege Tank  
  113  10:48  Hellion x2  
  122  10:52  Refinery  
  122  10:53  Refinery  
  122  11:01  Terran Vehicle And Ship Armor Level 1, Terran Ship Weapons Level 1  
  122  11:09  Hellion x4  
  132  11:11  Hellion  
  132  11:12  Factory Reactor  
  132  11:15  SCV x2  
  132  11:16  Supply Depot  
  134  11:19  Supply Depot x2  
  134  11:20  Supply Depot x3  
  134  11:23  Command Center  
  134  11:29  Thor  
  140  11:41  SCV x4, Fusion Core  
  140  11:43  Starport  
  144  11:47  Supply Depot, Starport Tech Lab  
  144  11:48  Command Center  
  144  11:50  Supply Depot  
  144  11:51  Supply Depot  
  144  11:53  Missile Turret  
  144  11:54  SCV  
  144  11:55  SCV, Missile Turret  
  144  11:57  Hellion x2  
  144  11:58  Hellion x4  
  158  12:04  Missile Turret  
  158  12:09  Missile Turret  
  158  12:13  Hellion  
  160  12:17  Banshee  
  160  12:21  Hellion x2  
  160  12:22  Hellion x3  
  173  12:24  Command Center  
  173  12:26  Terran Vehicle Weapons Level 2  
  173  12:28  Starport Tech Lab  
  128  12:44  Liberator  
  128  12:48  Missile Turret  
  101  12:57  Hellion x2, Siege Tank x2, Liberator  
  101  12:58  Siege Tank  
  102  13:29  Siege Tank x2  
  102  13:30  Siege Tank  
  102  13:31  Banshee x2  
  102  13:33  Refinery  
  117  13:35  Hellion x3  
  117  13:37  Refinery  
  121  13:55  Planetary Fortress  
  121  14:01  Cyclone  
  121  14:02  Cyclone x2  
  130  14:05  Hellion x4  
  130  14:06  Planetary Fortress  
  111  14:26  Hellion x4  
  112  14:34  Cyclone  
  100  14:44  Hellion x2  
  99  14:47  Hellion x2  
Show
View Real Time Build Order
Export as new Build Order

zeakybeaver Zerg - Winner!

Build Orders: Hatch First 

Get SALT Encoding   

  12  0:01  Drone  
  13  0:13  Overlord  
  13  0:19  Drone  
  14  0:31  Drone  
  14  0:32  Drone  
  16  0:35  Drone  
  17  0:52  Hatchery  
  17  0:56  Drone  
  17  1:02  Drone  
  18  1:13  Spawning Pool  
  18  1:15  Drone  
  19  1:18  Drone  
  19  1:22  Extractor  
  18  1:29  Drone  
  19  1:40  Drone  
  20  1:51  Drone  
  21  2:01  Zergling x2  
  22  2:04  Queen x2  
  22  2:05  Overlord  
  26  2:14  Drone  
  27  2:16  Drone  
  28  2:24  Zergling x2  
  28  2:26  Drone  
  28  2:28  Metabolic Boost  
  30  2:33  Drone  
  31  2:37  Overlord  
  31  2:40  Queen  
  33  2:46  Drone  
  33  2:48  Drone  
  35  2:58  Drone  
  36  3:03  Hatchery, Drone  
  36  3:05  Drone  
  37  3:10  Lair  
  38  3:12  Drone  
  38  3:16  Overlord  
  38  3:19  Drone  
  39  3:27  Roach Warren  
  38  3:34  Drone  
  38  3:35  Drone  
  38  3:36  Drone x3  
  38  3:37  Drone  
  38  3:40  Extractor  
  43  3:41  Extractor  
  43  3:44  Drone x2  
  43  3:46  Drone  
  45  3:49  Drone  
  45  3:50  Drone  
  47  3:57  Drone x2  
  47  4:01  Evolution Chamber  
  48  4:03  Evolution Chamber, Overlord  
  48  4:08  Overlord  
  47  4:15  Overlord  
  47  4:16  Glial Reconstitution  
  47  4:22  Queen  
  47  4:23  Roach  
  51  4:26  Roach  
  51  4:30  Roach  
  55  4:32  Zerg Missile Weapons Level 1  
  55  4:35  Drone  
  55  4:36  Drone  
  55  4:38  Drone  
  58  4:40  Drone x2  
  58  4:45  Drone x2  
  62  4:49  Zerg Ground Armor Level 1  
  62  4:53  Ravager  
  62  4:54  Drone x2  
  62  4:55  Drone  
  62  4:56  Ravager  
  62  4:59  Roach  
  69  5:05  Drone x3  
  70  5:08  Drone x3  
  70  5:13  Ravager  
  74  5:14  Overlord  
  74  5:24  Overlord x2  
  74  5:30  Drone, Extractor  
  74  5:31  Overlord, Extractor  
  74  5:34  Roach x4  
  81  5:37  Overseer  
  83  5:43  Roach x5  
  83  5:47  Roach  
  83  5:49  Queen  
  95  5:53  Roach x2  
  89  6:06  Roach x4  
  89  6:10  Drone x4  
  93  6:20  Drone x4  
  93  6:21  Drone x2  
  99  6:31  Queen  
  101  6:33  Roach  
  101  6:34  Roach  
  101  6:35  Overlord  
  101  6:38  Zerg Missile Weapons Level 2  
  105  6:40  Overlord x2  
  105  6:53  Roach  
  105  6:54  Roach x3  
  113  6:55  Overlord x2  
  113  6:59  Overlord  
  113  7:00  Roach x3  
  119  7:02  Zerg Ground Armor Level 2  
  119  7:04  Roach  
  121  7:08  Hatchery  
  121  7:12  Roach x3  
  126  7:18  Ravager x3  
  126  7:20  Roach  
  126  7:21  Roach  
  133  7:24  Roach  
  133  7:25  Roach  
  137  7:33  Roach x2  
  137  7:34  Roach x2  
  137  7:36  Roach  
  147  7:44  Roach x2  
  147  7:45  Roach  
  147  7:47  Ravager  
  154  7:51  Overlord x4  
  154  8:01  Overlord x3, Hydralisk Den  
  147  8:10  Roach x3  
  149  8:19  Roach x3  
  133  8:29  Overseer  
  133  8:32  Queen  
  135  8:35  Drone  
  135  8:38  Hydralisk Den, Extractor  
  135  8:40  Muscular Augments  
  134  8:41  Infestation Pit  
  134  8:46  Drone  
  134  8:47  Drone x3  
  134  8:48  Drone  
  139  8:51  Drone x6  
  139  8:52  Drone x4  
  149  8:56  Ravager x5  
  154  9:04  Overseer  
  150  9:22  Extractor  
  147  9:25  Extractor  
  147  9:26  Hive  
  146  9:35  Overlord  
  146  9:36  Drone x2  
  148  9:42  Hydralisk x3  
  148  9:43  Hydralisk x8  
  169  9:48  Hatchery  
  168  9:56  Roach  
  168  9:57  Roach x2  
  174  10:07  Spire  
  173  10:08  Hydralisk x2  
  173  10:09  Hydralisk x3  
  173  10:14  Hatchery  
  158  10:32  Roach  
  158  10:33  Roach x4  
  158  10:35  Hydralisk x4  
  140  10:36  Hydralisk  
  140  10:42  Roach x3  
  139  10:43  Roach x3  
  145  10:50  Roach x5  
  151  11:04  Hydralisk x3  
  157  11:15  Drone x3  
  157  11:17  Zerg Ground Armor Level 3, Zerg Missile Weapons Level 3  
  157  11:18  Corruptor x2  
  160  11:22  Corruptor  
  166  11:27  Corruptor  
  166  11:31  Corruptor  
  170  11:43  Drone x3, Extractor  
  170  11:44  Extractor  
  170  11:45  Drone x3  
  170  11:46  Corruptor x3  
  180  11:49  Ravager  
  180  11:51  Zergling x8  
  180  11:52  Zergling x2  
  186  11:56  Corruptor  
  188  12:03  Adrenal Glands  
  188  12:04  Zergling x14  
  188  12:05  Zergling x6  
  198  12:35  Hydralisk x2  
  198  12:36  Hydralisk x2  
  183  12:43  Roach  
  183  12:44  Roach x10  
  156  12:47  Zergling x2  
  156  12:48  Zergling x2  
  145  12:52  Hydralisk x2  
  136  13:01  Zergling x8  
  134  13:07  Roach x2  
  134  13:10  Zergling x6  
  139  13:25  Hydralisk  
  139  13:26  Roach x2  
  139  13:27  Roach x3  
  149  13:28  Hydralisk  
  149  13:33  Hydralisk x3  
  159  13:37  Hydralisk  
  159  13:41  Overseer x3  
  159  13:43  Hydralisk x6  
  159  13:44  Hydralisk  
  159  13:46  Zergling x2  
  175  13:48  Ravager x3  
  175  13:49  Ravager x5  
  175  13:50  Ravager x2, Roach  
  175  13:55  Zergling x8  
  189  13:56  Zergling x2  
  189  14:00  Hydralisk  
  189  14:01  Hydralisk x3  
  199  14:05  Overseer x2  
  194  14:20  Roach x5  
  194  14:21  Roach  
  192  14:31  Hydralisk x5  
  169  14:32  Hydralisk x2  
  169  14:35  Roach x3  
  169  14:36  Roach x2  
  169  14:38  Zergling x4  
  171  14:42  Roach x3  
  171  14:43  Roach  
  171  14:45  Hydralisk  
  172  14:50  Hydralisk  
  172  14:51  Hydralisk  
  176  14:56  Roach x2  
Tags
 
Add a new tag
Caveats
  • Supply blocks, unpowered buildings, or Contaminate may cause inaccurate times.
  • Supply counts are checked every 10 seconds.